 Dungeon Crawl Stone Soup version 0.31-a0-145-g046c7d2549 (webtiles) character file.

Game seed: 16752786760402495609

211 Anon1729 the Trooper (level 5, -4/47 HPs)
             Began as a Minotaur Monk on June 5, 2023.
             Slain by an iguana (10 damage)
             ... on level 5 of the Dungeon.
             The game lasted 00:01:49 (2384 turns).

Anon1729 the Trooper (Minotaur Monk)                Turns: 2384, Time: 00:01:49

Health: -4/47      AC:  2    Str: 15    XL:     5   Next: 57%
Magic:  5/5        EV: 13    Int:  7    God:
Gold:   77         SH:  0    Dex: 15    Spells: 4/4 levels left

rFire   . . .        f - +1 short sword (venom)
rCold   . . .        d - orb {light}
rNeg    . . .        b - +0 robe
rPois   .            (helmet restricted)
rElec   .            (no cloak)
rCorr   .            (no gloves)
SInv    .            (no boots)
Will    +....        (no amulet)
Stlth   +            q - ring of willpower
HPRegen 0.27/turn    (no ring)
MPRegen 0.09/turn

%: no passive effects
@: glowing
A: horns 2, retaliatory headbutt
a: no special abilities


You were on level 5 of the Dungeon.
You visited 1 branch of the dungeon, and saw 5 of its levels.

You collected 77 gold pieces.

Inventory:

Hand Weapons
 a - a +0 falchion
 f - a +1 short sword of venom (weapon)
Armour
 b - a +0 robe (worn)
 d - an orb of light (worn)
Jewellery
 q - a ring of willpower (left hand)
 t - an amulet of the acrobat
Scrolls
 e - 4 scrolls of identify {unknown}
 g - 3 scrolls of summoning {unknown}
 h - a scroll of enchant armour {unknown}
 k - a scroll of poison {unknown}
 l - a scroll of torment {unknown}
 n - a scroll of amnesia {unknown}
 o - a scroll of vulnerability {unknown}
 p - 2 scrolls of teleportation {unknown}
 r - a scroll of immolation {unknown}
Potions
 i - a potion of magic {unknown}
 j - 2 potions of haste {unknown}
 m - a potion of curing {unknown}
 s - a potion of brilliance {unknown}


   Skills:
 + Level 4.7 Fighting
 + Level 2.4(3.2) Short Blades
 - Level 3.6(4.1) Long Blades
 + Level 2.5 Armour
 + Level 4.2 Dodging
 + Level 2.2 Invocations


You had 4 spell levels left.
You didn't know any spells.
Your spell library contained the following spells:

 Spells                   Type           Power      Damage    Failure   Level
 Animate Dead             Necr           0%         N/A       99%         4
 Borgnjor's Vile Clutch   Necr/Erth      0%         N/A       100%        5
 Conjure Ball Lightning   Conj/Air       0%         3x3d6     100%        6
 Death Channel            Necr           0%         N/A       100%        6
 Discord                  Hex            0%         N/A       100%        8
 Disjunction              Tloc           0%         N/A       100%        8


Dungeon Overview and Level Annotations

Branches:
Dungeon (5/15)
 Temple: D:4-7

Altars:

Annotations:
D:3 1 runed translucent door, Takeo's ghost, amateur DrTm


Innate Abilities, Weirdness & Mutations

You have a pair of horns on your head.
You reflexively headbutt those who attack you in melee.


Message History

The adder misses you.
You feel less invigorated.
You feel less confused. The adder bites you but does no damage.
You hit the adder but do no damage.
The adder is heavily wounded.
The adder closely misses you.
You hit the adder.
The adder is poisoned.
The adder is almost dead.
The adder barely misses you.
You completely miss the adder. You headbutt the adder.
You kill the adder!
You hit the iguana.
The iguana is moderately wounded.
The iguana bites you.
You hit the iguana.
The iguana is moderately wounded.
The iguana bites you but does no damage.
You hit the iguana but do no damage.
The iguana is moderately wounded.
The iguana bites you but does no damage.
You hit the iguana but do no damage.
The iguana is moderately wounded.
The iguana bites you!
* * * LOW HITPOINT WARNING * * *
You barely miss the iguana.
The iguana is moderately wounded.
The quokka twitches its whiskers.
You hit the iguana.
The iguana is moderately wounded.
The iguana bites you.
* * * LOW HITPOINT WARNING * * *
You hit the iguana.
The iguana is heavily wounded.
The iguana misses you. You furiously retaliate!
You headbutt the iguana. You hit the iguana.
The iguana is poisoned.
You headbutt the iguana, but do no damage.
The iguana is severely wounded.
The iguana bites you!
You die...

.........
..........
..........
........>##+#
..........#.#
..........#@#
..........#l#
...)..<...#r##
.............#
...............#
.........#####.#
########.. ...
###. ### ..


You could see an iguana (very poisoned) and a quokka.

Vanquished Creatures
  A phantom (D:4)
  A jelly (D:4)
  A gnoll (D:4)
  4 adders
  A worm (D:3)
  An orc (D:4)
  10 bats
  3 endoplasms
  4 giant cockroaches
  8 goblins
  6 jackals
  5 kobolds
  2 quokkas
  5 ball pythons
  4 frilled lizards
  3 rats (D:2)
59 creatures vanquished.

Notes
Turn   | Place    | Note
-------+----------+-------------------------------------------
     0 | D:1      | Anon1729 the Minotaur Monk began the quest for the Orb.
     0 | D:1      | Reached XP level 1. HP: 19/19 MP: 0/0
   157 | D:1      | Reached XP level 2. HP: 25/27 MP: 1/1
   400 | D:1      | Reached skill level 1 in Armour
   407 | D:1      | Found a faded altar of an unknown god.
   475 | D:1      | Reached skill level 1 in Short Blades
   869 | D:2      | Reached skill level 1 in Invocations
   869 | D:2      | Reached XP level 3. HP: 33/33 MP: 2/2
  1498 | D:3      | Reached XP level 4. HP: 40/40 MP: 4/4
  1522 | D:3      | Found a runed translucent door.
  1559 | D:3      | Noticed Takeo's ghost (amateur DrTm)
  2347 | D:4      | Noticed a phantom
  2359 | D:4      | Killed a phantom
  2360 | D:4      | Reached XP level 5. HP: 25/47 MP: 5/5
  2363 | D:5      | Entered Level 5 of the Dungeon
  2384 | D:5      | Slain by an iguana

Illustrated notes

Levels and vault maps discovered:
D:1:      saegor_arrival_fortress, layout_basic,
          hellmonk_ecumenical_altar_leap_of_faith, nicolae_titane
D:2:      layout_rooms, nrook_loot_triangle
D:3:      layout_basic, ebering_ghost_sewer_d
D:4:      layout_layer_cave, hangedman_decor_lopped
D:5:      layout_basic, minmay_temple_entry_proselytizer, uniq_blork_the_orc

Skill      XL: |  1  2  3  4 |
---------------+-------------+-----
Armour         | 1 2 |  2.5
Short Blades   | 1 2 |  2.4
Fighting       | 4 |  4.7
Invocations    | 1 2 |  2.2
Dodging        | 4 |  4.2
Long Blades    | |  3.6

Action                     |  1- 3 |  4- 6 || total
---------------------------+-------+-------++-------
  Melee: Short sword       |    75 |    46 ||   121
         Headbutt          |    17 |    16 ||    33
         Falchion          |     1 |       ||     1
    Use: Potion            |       |     1 ||     1
   Stab: Sleeping          |       |     1 ||     1
 Armour: Robe              |    19 |     6 ||    25
  Dodge: Dodged            |    69 |    33 ||   102

Table legend: (Time is in decaauts)
 A = Elapsed time spent in this place.
 B = Non-inter-level travel time spent in this place.
 C = Inter-level travel time spent in this place.
 D = Time resting spent in this place.
 E = Time spent auto-exploring this place.
 F = Levels seen in this place.
 G = Mean time per level.
                   A        B        C        D        E       F      G
               +--------+--------+--------+--------+--------+-----+--------+
         Total |   2366 |   2285 |     81 |      0 |   1990 |   5 |  473.2 |
       Dungeon |   2366 |   2285 |     81 |      0 |   1990 |   5 |  473.2 |
               +--------+--------+--------+--------+--------+-----+--------+

Top non-repeatable levels by time:
     D:1: 843 daAuts
     D:3: 703 daAuts
     D:2: 587 daAuts
     D:4: 213 daAuts
     D:5: 18 daAuts
